[Event "*** Titled Tuesday Blitz AM"]
[Site "Chess.com"]
[Date "2020.01.07"]
[Round "5"]
[White "goldenspine"]
[Black "FMAntonio"]
[Result "0-1"]
[WhiteElo "2321"]
[BlackElo "2495"]
[TimeControl "180+2"]
[EndTime "10:08:36 PST"]
[Termination "FMAntonio won by checkmate"]

1. d4 Nf6 2. Nf3 d5 3. c4 e6 4. g3 dxc4 5. Bg2 c5 6. O-O Nc6 7. dxc5 Qxd1 8. Rxd1 Bxc5 9. Nfd2 Bd7 10. Nxc4 O-O 11. Bg5 Rfd8 12. Nc3 Be7 13. Nd6 Bxd6 14. Rxd6 Be8 15. Rad1 Rxd6 16. Rxd6 Rd8 17. Nb5 a6 18. Rxd8 Nxd8 19. Nd6 Bc6 20. Bxc6 bxc6 21. Bxf6 gxf6 22. Ne8 f5 23. Kg2 Nb7 24. Kf3 Kf8 25. Nf6 Ke7 26.
Nxh7 f6 27. g4 fxg4+ 28. Kxg4 Kf7 29. f4 Kg7 30. f5 e5 31. Ng5 fxg5 32. Kxg5 Nd6 33.
f6+ Kf7 34. h4 e4 35. h5 Ne8 36. Kf5 Nxf6 37. h6 e3 38. Ke5 Ng4+ 39. Kd6 Nxh6 40. Kxc6 Nf5 41. b4 Ke6 42. Kc5 Ke5 43. a4 Nd4 44.
Kc4 Ke4 45. b5 axb5+ 46. axb5 Nxe2 47. b6 Nd4 48. b7 Nc6 49. Kc5 Nb8 50. Kb6 e2 51.
Kc7 Na6+ 52. Kb6 e1=Q 53. Kxa6 Qa1+ 54. Kb6 Qh8 55. Ka7 Qg7 56. Ka6 Qe5 57. Ka7 Qc7 58. Ka8 Qa5+ 59. Kb8 Kd5 60. Kc8 Qc5+ 61. Kd8 Qb6+ 62.
Kc8 Qa6 63. Kc7 Qc6+ 64. Kb8 Kd6 65. Ka7 Qc7 66. Ka8 Qa5+ 67. Kb8 Kc6 68. Kc8 Qc7# 0-1

[Event "*** Titled Tuesday Blitz AM"]
[Site "Chess.com"]
[Date "2020.01.07"]
[Round "5"]
[White "Firouzja2003"]
[Black "Msb2"]
[Result "0-1"]
[WhiteElo "3075"]
[BlackElo "2883"]
[TimeControl "180+2"]
[EndTime "10:08:37 PST"]
[Termination "Msb2 won by checkmate"]

1. Nf3 d5 2. g3 Nd7 3. d4 Nb6 4. Bg2 Bf5 5. a4 a5 6. O-O e6 7.
Nh4 Nf6 8. Nxf5 exf5 9. Qd3 g6 10. c3 c6 11. b3 Be7 12. f3 O-O 13. Bh6 Re8 14.
Nd2 Bf8 15. Bg5 h6 16. Bxf6 Qxf6 17. e4 f4 18. Rae1 Qg5 19. Kf2 h5 20. Rh1 Bh6 21. Nf1 h4 22. e5 fxg3+ 23. hxg3 hxg3+ 24. Nxg3 Qd2+ 25. Qxd2 Bxd2 26. Rd1 Bxc3 27. f4 f5 28. Rd3 Bb4 29. Bh3 Re7 30. Bxf5 Rf8 31. Bxg6 Rxf4+ 32.
Ke2 Rg4 33. Bf5 Rg5 34. Rf3 c5 35. Nh5 cxd4 36. Nf6+ Kf7 37. Rh7+ Rg7 38. Ng4 Rxh7 39. Bxh7+ Kg7 40. Bf5 Bd6 41. e6 Nd7 42. Rh3 Nf8 43. Kd3 Nxe6 44. Rh7+ Kf8 45. Rh8+ Kg7 46. Rh7+ Kf8 47. Rh6 Nf4+ 48. Kxd4 Ba3 49. Rh2 Kg7 50. Rh7+ Kf8 51. Rh2 Kg7 52. Rf2 Bd6 53. Bc2 b6 54. Rf3 Bc5+ 55. Kc3 Bd6 56. Kd2 Re2+ 57. Kd1 Rg2 58.
Ne3 Rg1+ 59. Nf1 d4 60. Be4 Kf6 61. Ke1 Ke5 62. Bh7 Bb4+ 63. Kf2 Rg2# 0-1

[Event "*** Titled Tuesday Blitz AM"]
[Site "Chess.com"]
[Date "2020.01.07"]
[Round "5"]
[White "SlavenPastar"]
[Black "talento10"]
[Result "1-0"]
[WhiteElo "2550"]
[BlackElo "2253"]
[TimeControl "180+2"]
[EndTime "10:08:37 PST"]
[Termination "SlavenPastar won by resignation"]

1. d4 Nf6 2. c4 g6 3. Nc3 d6 4.
Nf3 Bg7 5. Bg5 h6 6. Bh4 g5 7.
Bg3 Nbd7 8. e3 e6 9. Bd3 Nh5 10. Nd2 Nxg3 11. hxg3 c5 12. d5 exd5 13. cxd5 O-O 14.
Nc4 b5 15. Nxb5 Ba6 16. Nbxd6 Ne5 17. Nxe5 Qxd6 18. Nc6 c4 19. Be2 Rac8 20. O-O Bxb2 21. Rb1 Qa3 22. Rxb2 Qxb2 23. Ne7+ Kg7 24. Nxc8 Rxc8 25.
d6 Rd8 26. d7 Bb5 27. Bg4 Qe5 28. Qc2 c3 29. Rd1 Qc7 30. Rd5 Bxd7 31. Bxd7 Rxd7 32. Rxd7 Qxd7 33. Qxc3+ f6 34. Qd4 Qb7 35. a4 h5 36. Kh2 Qe7 37. a5 Kg6 38. a6 f5 39.
Qc4 Kf6 40. Qc6+ Qe6 41. Qb7 Qe7 42. Kg1 Qc5 43. Kh2 Qe7 44. Qb2+ Qe5 45. Qb4 Qe7 46. Qd4+ Qe5 47. Qxa7 h4 48. Qb6+ Kf7 49. a7 hxg3+ 50. fxg3 Qh8+ 51. Kg1 Qa1+ 52. Kf2 Qa2+ 53. Ke1 Qa1+ 54.
Kd2 Qa2+ 55. Kd3 Qd5+ 56. Kc3 Qe5+ 57. Qd4 Qa5+ 58. Kb3 Qb5+ 59. Qb4 Qd3+ 60. Qc3 Qd1+ 61. Kb4 Qb1+ 62. Qb3+ Qxb3+ 63. Kxb3 1-0

[Event "*** Titled Tuesday Blitz AM"]
[Site "Chess.com"]
[Date "2020.01.07"]
[Round "5"]
[White "mouseWLZ"]
[Black "crescentmoon2411"]
[Result "0-1"]
[WhiteElo "2808"]
[BlackElo "3087"]
[TimeControl "180+2"]
[EndTime "10:08:41 PST"]
[Termination "crescentmoon2411 won by checkmate"]

1. d4 Nf6 2. Bf4 c5 3. e3 g6 4. c3 Qb6 5. Qb3 Bg7 6. Nd2 d6 7. Be2 O-O 8. Ngf3 Be6 9. Qxb6 axb6 10. a3 Nc6 11. h3 Ra5 12. O-O Rc8 13. e4 cxd4 14.
cxd4 d5 15. e5 Ne4 16. Rac1 h6 17. Be3 f6 18. exf6 exf6 19. Rfd1 f5 20. Nxe4 fxe4 21. Ne1 Raa8 22. Nc2 Bf8 23. f3 exf3 24. Bxf3 Na5 25. Ne1 Nc4 26. Bf2 Nxb2 27. Rxc8 Rxc8 28. Rb1 Nc4 29. Nd3 g5 30. a4 Ra8 31. Ne5 Rxa4 32. Nxc4 dxc4 33. Rxb6 Bf7 34. Rxb7 c3 35. Be3 Ra1+ 36.
Kf2 Ra2+ 37. Ke1 c2 38. Rc7 Bd6 39. Rc8+ Kg7 40. d5 Bg6 41. Bd4+ Kf7 42. Be3 Bg3+ 43. Kd2 Ra1 44. Ke2 Re1+ 45. Kd2 Rxe3 46. Kxe3 Bf4+ 47. Kf2 c1=Q 48. Rxc1 Bxc1 49. g3 Ke7 50. h4 Kd6 51.
Kg2 Bf5 52. Kf2 Ke5 53. Kg2 g4 54. Bd1 h5 55. Bb3 Be4+ 56. Kh2 Bxd5 57. Ba4 Bf7 58. Bd7 Kd4 59. Bc8 Ke3 60. Kg2 Ke2 61. Bb7 Ba3 62. Be4 Bd6 63. Bb7 Ke3 64. Bc6 Bg6 65. Bd7 Be4+ 66. Kh2 Kf2 67. Be8 Bxg3# 0-1

[Event "*** Titled Tuesday Blitz AM"]
[Site "Chess.com"]
[Date "2020.01.07"]
[Round "5"]
[White "wannabe2700"]
[Black "AwareIdea"]
[Result "0-1"]
[WhiteElo "2762"]
[BlackElo "2533"]
[TimeControl "180+2"]
[EndTime "10:08:43 PST"]
[Termination "AwareIdea won by checkmate"]

1. e4 e5 2. Nf3 Nc6 3. Bb5 a6 4.
Ba4 Nf6 5. O-O Be7 6. Re1 b5 7. Bb3 d6 8. c3 O-O 9. h3 Nb8 10.
d4 Nbd7 11. Nbd2 Bb7 12. Bc2 Re8 13. Nf1 Bf8 14. Ng3 g6 15. a4 exd4 16. cxd4 c5 17. d5 c4 18. Bg5 Qc7 19. Qd2 Bg7 20. axb5 axb5 21. Qb4 Qc5 22. Bd2 Rec8 23. Qxc5 Nxc5 24. Nd4 Nxd5 25. Nxb5 Rxa1 26. Rxa1 Bxb2 27. Rb1 c3 28. exd5 cxd2 29. Rxb2 Nd3 30. Bxd3 d1=Q+ 31. Bf1 Bxd5 32. Nxd6 Rc1 33. Rb8+ Kg7 34. Rd8 Qb3 35. Ne8+ Kf8 36. Nf6+ Ke7 37. Rxd5 Kxf6 38. Rd4 h5 39. h4 Kg7 40.
Rf4 Qb8 41. Re4 Qb7 42. Rf4 Qc7 43. Re4 Qc5 44. Rf4 Rc3 45. Ne4 Qe5 46. Nxc3 Qxf4 47. g3 Qb4 48. Ne2 f6 49. Nf4 Kh6 50. Be2 g5 51.
hxg5+ fxg5 52. Ng2 h4 53. gxh4 gxh4 54. Kh2 Qd2 55. Bg4 Qxf2 56. Kh1 Qg3 57. Bd7 h3 58. Bxh3 Qxh3+ 59. Kg1 Qg3 60. Kf1 Kg5 61. Ne1 Kf4 62.
Ke2 Ke4 63. Kd2 Qf2+ 64. Kd1 Kd4 65. Nc2+ Kc3 66. Ne1 Qd2# 0-1

[Event "*** Titled Tuesday Blitz AM"]
[Site "Chess.com"]
[Date "2020.01.07"]
[Round "5"]
[White "liczner"]
[Black "mishanick"]
[Result "0-1"]
[WhiteElo "2832"]
[BlackElo "2978"]
[TimeControl "180+2"]
[EndTime "10:08:44 PST"]
[Termination "mishanick won by resignation"]

1. e4 c5 2. Nf3 d6 3. c3 Nf6 4.
h3 g6 5. Bd3 Bg7 6. O-O O-O 7.
Bc2 Nc6 8. d4 cxd4 9. cxd4 e5 10. Nc3 exd4 11. Nxd4 d5 12. Nxc6 bxc6 13. exd5 Nxd5 14.
Bd2 Rb8 15. Bb3 Be6 16. Rc1 Nxc3 17. Bxc3 Qxd1 18. Rfxd1 Bxb3 19. axb3 Rxb3 20. Bxg7 Kxg7 21. Rxc6 Re8 22. Ra6 Re7 23. Rd2 h5 24. h4 Reb7 25. g3 Kf8 26. Kg2 Ke7 27. Kg1 R3b6 28. Ra5 a6 29.
Rd3 Re6 30. Rd2 Rb4 31. Kg2 Reb6 32. Rd3 Rxb2 33. Rda3 Rf6 34. Rf3 Rbb6 35. Re3+ Kd7 36.
Re2 Rb5 37. Ra4 a5 38. Rea2 Rff5 39. R4a3 Kc6 40. f3 Kb6 41. Rd3 Rfd5 42. Re3 Rd7 43. g4 Ra7 44. Rea3 Rb4 45. gxh5 gxh5 46. Kg3 a4 47.
Ra1 Ra5 48. Rd3 Ra7 49. Rd6+ Kb5 50. Rd5+ Kc4 51. Rxh5 a3 52. Re5 a2 53. Re2 Kb3 54. h5 Rba4 55. f4 R7a6 56. Kg4 Rf6 57. Rf2 Ra5 58. f5 Rh6 59. Kg5 Rh7 60. Kf6 Ra6+ 61. Ke7 Ra7+ 62. Kd6 Rxh5 63. f6 Rha5 64. Re2 R5a6+ 65.
Kd5 Rxf6 66. Rh2 Rf3 67. Ke4 Rc3 68. Kd4 Ra4+ 69. Kd5 Rc2 70. Rhh1 Kb2 71. Ke5 Rf2 72. Kd6 f5 73. Ke5 f4 74. Kd5 Re2 75. Kc5 f3 76. Kb5 Rae4 0-1

[Event "*** Titled Tuesday Blitz AM"]
[Site "Chess.com"]
[Date "2020.01.07"]
[Round "5"]
[White "Leonid_Starozhilov"]
[Black "karinachess1"]
[Result "1-0"]
[WhiteElo "2696"]
[BlackElo "2473"]
[TimeControl "180+2"]
[EndTime "10:08:45 PST"]
[Termination "Leonid_Starozhilov won on time"]

1. b3 e5 2. Bb2 Nc6 3. e3 g6 4.
Bb5 Bg7 5. Ne2 Nge7 6. h4 h5 7. d4 a6 8. Bxc6 Nxc6 9. d5 Ne7 10. c4 d6 11. Nbc3 Bg4 12. Ne4 b6 13. Qd2 a5 14.
N2c3 Qc8 15. a4 Qd8 16. f3 Bd7 17. O-O-O Nf5 18. Kb1 Nxh4 19. Ka2 Qe7 20. Nb5 Rc8 21. Ba3 Bxb5 22. axb5 f5 23. Nc3 g5 24. Qc2 Qf7 25.
Rh2 Ng6 26. Ne2 h4 27. Rdh1 Kd7 28. Bb2 Rcf8 29. Bc3 Qe7 30. Qb2 g4 31. f4 Re8 32.
Rf1 Rhf8 33. Rhh1 Rf7 34. Re1 Rh8 35. Rhf1 h3 36. g3 Re8 37. Qd2 Ra8 38. Ka3 Rh8 39. Ka4 Re8 40. Ka3 Rh8 41. Nc1 e4 42. Ne2 Bxc3 43. Qxc3 Qf6 44. Nd4 Rfh7 45. Rh1 h2 46.
Re2 Rh3 47. Rg2 Ne7 48. Kb2 Ng6 49. Kc2 Ne7 50. b4 axb4 51. Qxb4 Ra8 52. Rhxh2 Qh8 53. Rxh3 Qxh3 54. Rd2 Qxg3 55. Qc3 Qe1 56. Qb2 Qxe3 57. Nc6 Qa3 58. Qg7 Qa4+ 59. Kc3 Qa1+ 60. Rb2 Ra3+ 61. Kc2 1-0

[Event "*** Titled Tuesday Blitz AM"]
[Site "Chess.com"]
[Date "2020.01.07"]
[Round "5"]
[White "lucasran"]
[Black "OparinGrigoriy"]
[Result "0-1"]
[WhiteElo "2700"]
[BlackElo "3031"]
[TimeControl "180+2"]
[EndTime "10:08:54 PST"]
[Termination "OparinGrigoriy won by resignation"]

1. Nf3 Nf6 2. c4 e6 3. g3 d5 4. Bg2 dxc4 5. Qa4+ Bd7 6. Qxc4 c5 7. Ne5 Qc8 8. O-O Nc6 9. Nxd7 Qxd7 10. Nc3 Be7 11. Qa4 Rc8 12. d3 O-O 13. Be3 Rfd8 14. Rac1 b6 15.
Rfd1 Ne8 16. a3 Nd6 17. Bh3 Bf6 18. b4 cxb4 19. axb4 b5 20. Qb3 Nd4 21. Bxd4 Bxd4 22. Bg2 h5 23. Ne4 Nxe4 24. Bxe4 h4 25. e3 Bf6 26. d4 g6 27. Kg2 Kg7 28. Qa3 Be7 29. Qa6 Bxb4 30. Bc6 Qe7 31. Qxb5 a5 32. Bf3 Rb8 33. Qa6 Rd6 34. Rc6 Rxc6 35. Qxc6 Qd6 36. Qxd6 Bxd6 37. Ra1 Bb4 38. Ra2 hxg3 39. hxg3 Rc8 40. d5 e5 41. g4 Kf6 42. Be4 Ke7 43. Kf3 Kd6 44. g5 Rc1 45. Ke2 Rg1 46. f4 Rc1 47.
Kf3 Rc3 48. f5 gxf5 49. Bxf5 Kxd5 50. g6 fxg6 51. Bxg6 Kd6 52. Bf7 Ba3 53. Ke2 Bb4 54. e4 Rh3 55. Bd5 Kc5 56. Kd1 Kd4 57. Kc2 Rc3+ 58.
Kb2 Re3 59. Kc2 Re1 60. Kb3 Re3+ 61. Ka4 Rxe4 62. Bxe4 Kxe4 63. Re2+ Kd4 64. Kb3 e4 65.
Kc2 a4 66. Rh2 a3 67. Rh8 e3 68. Re8 Bc5 69. Ra8 Ke4 70. Re8+ Kf3 71. Kd3 a2 72.
Ra8 e2 73. Rxa2 e1=Q 74. Rc2 Qe4+ 75. Kc3 Qb4+ 0-1

[Event "*** Titled Tuesday Blitz AM"]
[Site "Chess.com"]
[Date "2020.01.07"]
[Round "5"]
[White "ShahMatKanal"]
[Black "Gr3egor"]
[Result "1-0"]
[WhiteElo "2527"]
[BlackElo "2741"]
[TimeControl "180+2"]
[EndTime "10:09:07 PST"]
[Termination "ShahMatKanal won by checkmate"]

1. e4 g6 2. d4 Bg7 3. c3 d6 4. Bd3 a6 5. a4 b6 6. Ne2 Bb7 7. O-O Nd7 8. Na3 e6 9. Be3 Ne7 10. Qd2 h6 11. Ng3 c5 12. f3 d5 13. e5 Nf5 14. Bf2 c4 15. Bc2 h5 16.
b3 Bh6 17. f4 cxb3 18. Bxb3 Rc8 19. Nxf5 gxf5 20. Kh1 Nf8 21. Bg1 Rg8 22. Rf3 Rg4 23.
Raf1 Bc6 24. h3 Rg7 25. Qe2 Ng6 26. Qxa6 Ra8 27. Qe2 Qd7 28. R3f2 h4 29. Bh2 Rg8 30. c4 Bf8 31. cxd5 exd5 32. Nb5 Ra5 33. Qc2 Bb4 34. Re2 Nf8 35. e6 Nxe6 36. Qxf5 Rxb5 37. axb5 Bxb5 38. Rfe1 Bxe1 39. Rxe1 Kd8 40. Bxd5 Nxd4 41. Qf6+ Kc8 42. Qxd4 Rd8 43. Rc1+ Kb8 44. f5+ Ka7 45. Ra1+ Ba6 46. Rxa6+ Kxa6 47. Qa1+ Kb5 48. Qb2+ Kc5 49. Bf3 Qd2 50.
Bg1+ Kc4 51. Qxb6 Qd6 52. Be2+ Kc3 53. Qa5+ Kc2 54. Qa2+ Kc3 55. Qa1+ Kd2 56. Qd1+ Kc3 57. Qc1+ Kb3 58. Qc4+ Kb2 59. Qb5+ Kc3 60. Qa4 Kd2 61.
Bf3 Qd3 62. Qxh4 Re8 63. Qb4+ Kc1 64. Qc5+ Kd2 65. Qa5+ Kc1 66. Qa1+ Kd2 67. Qd1+ Kc3 68. Qc1+ Kb3 69. Bd1+ Kb4 70. Qc5# 1-0

[Event "*** Titled Tuesday Blitz AM"]
[Site "Chess.com"]
[Date "2020.01.07"]
[Round "5"]
[White "boasovietica"]
[Black "sganerdene"]
[Result "0-1"]
[WhiteElo "2438"]
[BlackElo "2654"]
[TimeControl "180+2"]
[EndTime "10:09:07 PST"]
[Termination "sganerdene won on time"]

1. Nf3 Nf6 2. b3 g6 3. Bb2 Bg7 4. g3 O-O 5. Bg2 c5 6. O-O Nc6 7. c4 d6 8. d4 cxd4 9. Nxd4 Bd7 10. Nc3 Rc8 11. Qd2 Qa5 12. Rfd1 Qh5 13. Rac1 Nxd4 14. Qxd4 Ng4 15. Qxa7 Qxh2+ 16. Kf1 Bc6 17. Nd5 Bxd5 18. cxd5 Bxb2 19. Rxc8 Rxc8 20. Qxb7 Rf8 21. Qxe7 Be5 22. Qg5 h5 23. f3 Nf6 24. f4 Nh7 25. Qe7 Bf6 26. Qxd6 Qxg3 27. Rd3 Qg4 28. Bh3 Qh4 29. Qc7 Rd8 30. b4 Be7 31. b5 Bd6 32. Qc4 Ra8 33.
a4 Qxf4+ 34. Qxf4 Bxf4 35. d6 Rd8 36. d7 Bc7 37. Rc3 Ba5 38. Rc6 Ng5 39. Ra6 Bc3 40.
b6 Ne4 41. b7 Nc5 42. Rb6 Be5 43. a5 Bb8 44. a6 Kf8 45. Rc6 Ba7 46. Rc8 Ke7 47. Ra8 Nxa6 48. Rxa7 Nb8 49. e4 Kd6 50. Ke2 Kc7 51. Ra5 Kxb7 52. Rd5 Kc7 53. Rc5+ Kd6 54.
Rd5+ Ke7 55. Re5+ Kf8 56. Rd5 Nc6 57. Rd6 Ne5 58. Rd5 f6 59. Ke3 Ke7 60. Kf4 Nxd7 61.
Ra5 Ne5 62. Ra7+ Kf8 63. Be6 Rd3 0-1

[Event "*** Titled Tuesday Blitz AM"]
[Site "Chess.com"]
[Date "2020.01.07"]
[Round "5"]
[White "PaulfromSPb"]
[Black "Flawless_Fighter"]
[Result "1/2-1/2"]
[WhiteElo "2669"]
[BlackElo "2456"]
[TimeControl "180+2"]
[EndTime "10:09:12 PST"]
[Termination "Game drawn - insufficient material"]

1. d4 Nf6 2. Bf4 e6 3. e3 c5 4. c3 cxd4 5. exd4 b6 6. Nd2 Bb7 7. Ngf3 Be7 8. Be2 O-O 9. O-O d6 10. a4 a6 11. Nc4 Nh5 12. Be3 Nf6 13. Qb3 Nbd7 14. Bf4 Qc7 15. Rfe1 Bd5 16. Nfd2 Rfb8 17. Qa3 Ne8 18. Bf1 b5 19. Ne3 Bb7 20. axb5 axb5 21. Qb3 Rxa1 22. Rxa1 Bc6 23. d5 Nc5 24. Qb4 Bd7 25.
dxe6 fxe6 26. Bg3 h6 27. Ne4 Nxe4 28. Qxe4 Nf6 29. Qd4 e5 30. Qd2 Be6 31. Bd3 d5 32. Nf5 Bxf5 33. Bxf5 b4 34. cxb4 Bxb4 35. Qe2 Bd6 36.
h3 e4 37. Be6+ Kh8 38. Bxd6 Qxd6 39. Bf5 Qe5 40. g4 Rxb2 41. Ra8+ Rb8 42. Qa6 Qe8 43. Ra7 e3 44. Qe2 exf2+ 45. Qxf2 Ne4 46. Qd4 Nf6 47. Qf2 Qe5 48. Ra2 Ne4 49. Qe3 Rb1+ 50. Kg2 Rb2+ 51. Rxb2 Qxb2+ 52. Kg1 Qb1+ 53. Kg2 Qc2+ 54. Kg1 Qd1+ 55.
Kg2 Qd2+ 56. Qxd2 Nxd2 57. Kf2 Ne4+ 58. Ke3 Nf6 59. Kd4 Kg8 60. Be6+ Kf8 61. Bxd5 Ke7 62. Bb3 Nh7 63. Ke3 Kf6 64. Kf4 Ng5 65. h4 Ne6+ 66.
Ke3 Ke5 67. Bc2 Nf4 68. Be4 Ne6 69. Bf5 Nc7 70. Kf3 Nd5 71. Bc8 Ne7 72. Bb7 Ng6 73.
Kg3 Kd4 74. h5 Ne7 75. Kf4 Kc5 76. Ke5 Ng8 77. Be4 Nf6 78. Bf5 Kc4 79. Ke6 Kd4 80. Kf7 Ke5 81. Bc8 Kf4 82. Kxg7 Kg5 83. Bf5 Nxh5+ 84. gxh5 Kxh5 85. Bg6+ Kg5 86. Kh7 h5 87. Bxh5 1/2-1/2

[Event "*** Titled Tuesday Blitz AM"]
[Site "Chess.com"]
[Date "2020.01.07"]
[Round "5"]
[White "Witik"]
[Black "sergeikim"]
[Result "1-0"]
[WhiteElo "2669"]
[BlackElo "2441"]
[TimeControl "180+2"]
[EndTime "10:09:12 PST"]
[Termination "Witik won by resignation"]

1. e4 e5 2. Nf3 Nc6 3. Nc3 Nf6 4. Bb5 Bb4 5. O-O O-O 6. d3 d6 7. Ne2 h6 8. c3 Ba5 9. Ng3 a6 10. Bxc6 bxc6 11. d4 exd4 12. Nxd4 Bd7 13. Qf3 Bb6 14. Ndf5 Kh7 15. Be3 Rb8 16. Bxb6 Rxb6 17. b3 Re8 18. Rfe1 Rb5 19. Qd3 Kg8 20. c4 Rb8 21. f3 a5 22. f4 Ra8 23. Rad1 Bxf5 24. Nxf5 Qc8 25. Qg3 Nh5 26. Nxh6+ Kh7 27. Qg5 gxh6 28. Qxh5 Qe6 29. e5 Qg6 30. Qf3 dxe5 31. fxe5 Rad8 32. Qf4 Rxd1 33.
Rxd1 Re7 34. Rf1 Rd7 35. h3 Re7 36. Kh2 Rd7 37. Rf3 Qg5 38. Qxg5 hxg5 39. Rf6 Kg7 40. Rxc6 Rd2 41. Rxc7 Kg6 42. a4 Re2 43. Rc5 Re3 44. Rxa5 Rxb3 45. Rb5 Ra3 46. a5 Kf5 47. Rc5 Ke4 48.
Rb5 Kd4 49. e6 fxe6 50. Rxg5 e5 51. h4 Rxa5 52. h5 Ra7 53. c5 e4 54. c6 Rc7 55.
Rg6 e3 56. Re6 Kd3 57. h6 e2 58. Rd6+ Ke3 59. Re6+ Kf2 60. Rf6+ Ke3 61. Re6+ Kf2 62. g4 Rxc6 63. Rxc6 e1=Q 64. Rf6+ 1-0

[Event "*** Titled Tuesday Blitz AM"]
[Site "Chess.com"]
[Date "2020.01.07"]
[Round "5"]
[White "Artem_Ilyin"]
[Black "gemarin"]
[Result "0-1"]
[WhiteElo "2519"]
[BlackElo "2074"]
[TimeControl "180+2"]
[EndTime "10:09:13 PST"]
[Termination "gemarin won by resignation"]

1. d4 d5 2. Nf3 c6 3. c4 Nf6 4. Qc2 g6 5. Bf4 Bg7 6. e3 Bf5 7. Qb3 Qb6 8. Nc3 dxc4 9. Bxc4 O-O 10. h3 Qxb3 11. Bxb3 Na6 12. a3 Ne4 13. O-O Rac8 14.
Rac1 Nxc3 15. bxc3 c5 16. Rfd1 c4 17. Ba2 b5 18. g4 Bd7 19. Ne5 Bxe5 20. Bxe5 Nc7 21. e4 Ne8 22. Bb1 f6 23. Bg3 Nd6 24. e5 Nb7 25.
exf6 exf6 26. Re1 Rfe8 27. Be4 Na5 28. Rcd1 Nb3 29. Bb7 Rxe1+ 30. Rxe1 Re8 31. Rxe8+ Bxe8 32. Kf1 a5 33. Ke2 Kf7 34. Bd6 Ke6 35. Bc7 Bd7 36.
d5+ Ke7 37. Ke3 Nc5 38. Ba8 Nb3 39. f3 h6 40. h4 g5 41. h5 Bc8 42. Ke4 Bd7 43. d6+ Ke8 44. Kd5 Kf7 45. Bc6 Be6+ 46.
Ke4 b4 47. axb4 axb4 48. cxb4 c3 49. Kd3 c2 50. Kxc2 Nd4+ 51. Kc3 Nxc6 52. b5 Ne5 53. b6 Bc8 54. Kb4 Ke6 55. Kc5 Bb7 56. Kd4 Nd7 57. Ke3 Kd5 58. Kf2 Kc6 59. Ke3 Nxb6 60.
Bd8 Nd7 61. Be7 Kd5 62. Kd3 Ke6 63. Ke3 Ne5 64. Bf8 Bxf3 65. Bxh6 Bxg4 0-1

[Event "*** Titled Tuesday Blitz AM"]
[Site "Chess.com"]
[Date "2020.01.07"]
[Round "5"]
[White "Genghis_K"]
[Black "DanielNaroditsky"]
[Result "1-0"]
[WhiteElo "2898"]
[BlackElo "3077"]
[TimeControl "180+2"]
[EndTime "10:09:39 PST"]
[Termination "Genghis_K won by resignation"]

1. Nf3 d5 2. d4 Bf5 3. c4 e6 4.
Nc3 Nc6 5. cxd5 exd5 6. Bf4 Nf6 7. e3 Bd6 8. Bg5 Be6 9. Bd3 a6 10. O-O h6 11. Bxf6 Qxf6 12. e4 dxe4 13. Bxe4 Nd8 14. Re1 O-O 15. a3 c6 16. Bc2 Bd5 17. Nxd5 cxd5 18.
Qd3 g6 19. Bb3 Ne6 20. Bxd5 Nf4 21. Qb3 Rad8 22. Be4 b5 23. g3 Ne6 24. Rad1 Bc7 25. Bd5 Ng5 26. Nxg5 hxg5 27. Qf3 Kg7 28. Qxf6+ Kxf6 29.
Bc6 Bd6 30. Kg2 b4 31. a4 a5 32. h3 Rc8 33. d5 Rc7 34. Rd3 Kg7 35. b3 Rd8 36.
Rde3 Kf6 37. Rf3+ Kg7 38. Re2 Re7 39. Rxe7 Bxe7 40. Kf1 Bd6 41. Ke2 Rh8 42. g4 f5 43.
Kd3 Kf6 44. Kc4 Rb8 45. Re3 Be5 46. Kc5 Rd8 47. Kb5 Bc7 48. Re6+ Kf7 49. gxf5 gxf5 50.
Rh6 Kg7 51. Re6 Kf7 52. Kc5 Bh2 53. Kb6 Bg1 54. Re2 Bh2 55. Kxa5 Rb8 56. Ka6 Bd6 57. a5 Bc5 58. Rc2 Bd4 59. f3 Ke7 60. Bb7 Kd6 61. Rc8 Rxc8 62. Bxc8 Kxd5 63. Bxf5 Kc6 64. Be4+ Kc7 65.
Kb5 Bc3 66. a6 Kb8 67. Kc6 Ka7 68. Bd3 Bd2 69. Kd5 Kb6 70. Ke6 Bc1 71. Kf5 Bd2 72. Kg4 Bc1 73. h4 gxh4 74. Kxh4 Be3 75. Kg4 Kc6 76.
f4 Kd5 77. Kf3 Ba7 78. Bc4+ Kd4 79. f5 Ke5 80. Kg4 Be3 81. Bd3 Kd4 82. f6 Kxd3 83. f7 Bc5 84. a7 Bxa7 85. f8=Q Kc3 86. Qf7 1-0

[Event "*** Titled Tuesday Blitz AM"]
[Site "Chess.com"]
[Date "2020.01.07"]
[Round "5"]
[White "SavelijTartakover"]
[Black "Grieve72"]
[Result "1-0"]
[WhiteElo "2707"]
[BlackElo "2325"]
[TimeControl "180+2"]
[EndTime "10:09:43 PST"]
[Termination "SavelijTartakover won by resignation"]

1. d4 f5 2. Bf4 Nf6 3. Nc3 d6 4.
e3 c6 5. Bc4 b5 6. Bb3 a5 7. a3 Nbd7 8. Nf3 d5 9. Ne5 Nxe5 10.
Bxe5 Be6 11. O-O Bf7 12. f3 e6 13. e4 Be7 14. exf5 exf5 15. Qd3 Qd7 16. Ne2 O-O 17. Ng3 g6 18. c3 Ne8 19. Rfe1 Nd6 20. Re2 Rae8 21. Rae1 Bh4 22. Qd2 Qd8 23. Bf4 Rxe2 24.
Rxe2 Re8 25. Rxe8+ Bxe8 26. Nf1 Bf7 27. Ne3 Bg5 28.
Nc2 Bxf4 29. Qxf4 Qe7 30. Qe5 Qxe5 31. dxe5 Nb7 32. Nd4 Be8 33. Nxb5 Nc5 34. Nd6 Nxb3 35. Nxe8 Kf7 36. Nc7 f4 37. g3 g5 38. gxf4 gxf4 39.
Kg2 Nc1 40. b4 axb4 41. cxb4 Nd3 42. e6+ Ke7 43. Kh3 Kd6 44. Na6 Kxe6 45. a4 Ke5 46. a5 Kd4 47. Kg4 Kc4 48. Kf5 Kb5 49. Nc5 Nxb4 50. Ne6 Kxa5 51. Kxf4 Nc2 52. Ke5 Kb4 53. f4 Kc3 54. f5 d4 55. f6 d3 56. Nc5 Ne3 57.
f7 Nc4+ 58. Ke6 d2 59. Ne4+ Kd3 60. Nxd2 Nxd2 61. f8=Q Nb3 62. Qf3+ Kc4 63. Qe4+ Kb5 64. Qxh7 c5 65. Qb7+ Kc4 66. h4 Nd4+ 67. Kf6 Kd3 68.
Qb1+ Kd2 69. Qb2+ Kd3 70. Qa3+ Kc4 71. h5 Nb5 72. Qa4+ 1-0

[Event "*** Titled Tuesday Blitz AM"]
[Site "Chess.com"]
[Date "2020.01.07"]
[Round "5"]
[White "Saloni1299"]
[Black "Andrii_Prydun"]
[Result "1/2-1/2"]
[WhiteElo "2078"]
[BlackElo "2362"]
[TimeControl "180+2"]
[EndTime "10:09:43 PST"]
[Termination "Game drawn - insufficient material"]

1. e4 d5 2. exd5 Qxd5 3. Nc3 Qd6 4. d4 Nf6 5. Bd3 c6 6. Nge2 g6 7. Bf4 Qd8 8. O-O Bg7 9. Ne4 Nxe4 10. Bxe4 O-O 11. c3 Bg4 12. f3 Be6 13. Bg3 Nd7 14.
Nf4 Bc4 15. Re1 Nf6 16. Bc2 Nd5 17. Nd3 Qb6 18. b3 Nxc3 19. Qd2 Qxd4+ 20. Bf2 Qd5 21. bxc4 Qxc4 22. Bb3 Qb5 23. Rac1 Rad8 24. Rxc3 Bxc3 25.
Qxc3 Rxd3 26. Qc2 Rfd8 27. Bc4 Rd2 28. Qxd2 Rxd2 29. Bxb5 cxb5 30. a3 e6 31. Bxa7 Rd3 32.
Bc5 Rc3 33. Bb4 Rc7 34. Re5 Rc1+ 35. Kf2 Rc2+ 36. Kg3 h5 37. Rxb5 Rc7 38. h4 Kg7 39. Rc5 Rd7 40. Bc3+ f6 41. Kf4 e5+ 42. Ke3 Kf7 43. Rc8 Ke6 44. Bb4 Kf5 45. Rc4 Ke6 46. g4 hxg4 47. fxg4 Rh7 48. Be1 g5 49. h5 f5 50. gxf5+ Kxf5 51. Rb4 Rxh5 52. Rxb7 Rh3+ 53.
Ke2 Rxa3 54. Rf7+ Ke4 55. Bd2 g4 56. Rg7 g3 57. Rg4+ Kf5 58. Rg5+ Ke4 59. Rg4+ Kf5 60. Rg8 e4 61. Rg5+ Kf6 62. Rg4 Kf5 63. Rg5+ Kf6 64.
Rg8 Ke5 65. Be3 Ra2+ 66. Kf1 g2+ 67. Kg1 Re2 68. Bf2 Kf4 69. Rxg2 e3 70. Bxe3+ Kxe3 71. Rxe2+ Kxe2 1/2-1/2

[Event "*** Titled Tuesday Blitz AM"]
[Site "Chess.com"]
[Date "2020.01.07"]
[Round "5"]
[White "Chesswizard_2007"]
[Black "ChessFunMaker"]
[Result "1/2-1/2"]
[WhiteElo "2500"]
[BlackElo "2358"]
[TimeControl "180+2"]
[EndTime "10:09:48 PST"]
[Termination "Game drawn by 50-move rule"]

1. d4 Nf6 2. c4 g6 3. f3 Bg7 4. e4 O-O 5. Nc3 c6 6. Bg5 d6 7. Qd2 a6 8. a4 e5 9. d5 Qc7 10. Nge2 Nbd7 11. Ng3 Nc5 12. Qc2 h6 13. Be3 cxd5 14.
Nxd5 Nxd5 15. cxd5 f5 16. Bxc5 dxc5 17. Bc4 Qd6 18.
O-O Bd7 19. exf5 gxf5 20. Bd3 Kh8 21. Nxf5 Bxf5 22. Bxf5 Qxd5 23. Be4 Qd4+ 24. Kh1 Rab8 25. Rfd1 Qe3 26. Rd3 Qg5 27. Rad1 b6 28. Qd2 Qxd2 29. R3xd2 Bf6 30. b3 Rfd8 31. Bd5 b5 32. axb5 axb5 33. g3 Kg7 34. Kg2 Rd7 35. Kh3 Bg5 36. Rd3 Rbd8 37.
Kg4 c4 38. bxc4 bxc4 39. Bxc4 Rxd3 40. Rxd3 Rxd3 41. Bxd3 Bd2 42. Kf5 Bc3 43. Ke6 Bb2 44. Be4 Bc3 45. h3 Bb2 46. Kf5 Bc3 47. h4 Be1 48.
Kg4 Bc3 49. Bd3 Bb2 50. Bc4 Bc3 51. Kf5 Bb2 52. Ke4 Bc3 53. Kf5 Bb2 54. Ba2 Bc3 55. g4 Bb2 56. Bc4 Bc3 57. Ke4 Be1 58. h5 Bg3 59. Kf5 Bf4 60. Be6 Bg3 61. Bd5 Bf4 62.
Be4 Bg3 63. g5 hxg5 64. Kxg5 Bf4+ 65. Kf5 Kh6 66. Kg4 Bh2 67. Bg6 Bf4 68. Kf5 Bh2 69. Ke4 Bf4 70. Kd5 Bg3 71. Be4 Bf4 72. Kc5 Bg3 73.
Kc6 Bf4 74. Kc7 Kxh5 75. Kb8 Kh4 76. Ka8 Kg3 77. Ka7 Kf2 78. Ka6 Ke3 79. Ka5 Kd4 80.
Ka4 Be3 81. Ka3 Bd2 82. Ka2 Kc3 83. Ka1 Bc1 84. Kb1 Bf4 85. Ka2 Kd4 86. Ka3 Ke3 87. Ka4 Kd4 88. Ka5 Ke3 89. Ka6 Kd4 90. Ka7 Ke3 91. Ka8 Kd4 92. Kb8 Ke3 93. Kc8 Kd4 94. Kd8 Ke3 95. Ke8 Kd4 96. Kf8 Ke3 97. Kg8 Kd4 98. Kh8 Ke3 99. Kh7 Kd4 100. Kg6 Ke3 101. Kh5 Kd4 102. Kg4 Ke3 103. Kh3 Kd4 104. Kg2 Ke3 105.
Kh1 Bg3 106. Kg2 Bf4 107. Kf1 Kd4 108. Ke1 Ke3 109. Kd1 Kf2 110. Kc2 Ke3 111. Kb3 Kf2 112. Ka4 Ke3 113. Kb5 Kf2 114. Bc6 Ke3 115. Bb7 Ke2 116. Bc6 Ke3 117. Be4 Kd4 118. Kc6 Ke3 119. Kd7 Kd4 120. Ke6 Ke3 121. Kf5 Kd4 122. Kg6 Ke3 123. Kf7 Kd4 124. Bf5 Ke3 1/2-1/2